 Dungeon Crawl Stone Soup version 0.29-a0-344-ge2f44be95a (webtiles) character file.

Game seed: 10244412993931190818

43 spaghetti the Caller (level 3, 0/24 HPs)
             Began as a Demonspawn Summoner on Apr 21, 2022.
             Was a Follower of Kikubaaqudgha.
             Slain by a gnoll
             ... wielding a +1 spear of flaming
              (8 damage)
             ... on level 2 of the Dungeon.
             The game lasted 00:04:19 (1873 turns).

spaghetti the Caller (Demonspawn Summoner)          Turns: 1873, Time: 00:04:20

Health: 0/24       AC:  4    Str:  8    XL:     3   Next: 37%
Magic:  3/6        EV: 12    Int: 18    God:    Kikubaaqudgha [*.....]
Gold:   59         SH:  0    Dex: 13    Spells: 2/6 levels left

rFire   . . .      SeeInvis .   c - +0 whip {mace}
rCold   . . .      Faith    .   (no shield)
rNeg    . . .      Spirit   .   a - +0 robe
rPois   .          Reflect  .   (no helmet)
rElec   .          Harm     .   (no cloak)
rCorr   .          Rampage  .   (no gloves)
Will    .....                   (no boots)
Stlth   ++........              k - amulet of the acrobat
HPRegen 0.08/turn               (no ring)
MPRegen 0.10/turn               (no ring)

@: no status effects
A: icy blue scales 1
a: Renounce Religion, Receive Corpses


You were on level 2 of the Dungeon.
You worshipped Kikubaaqudgha.
Kikubaaqudgha was aware of your devotion.
You visited 1 branch of the dungeon, and saw 2 of its levels.

You collected 59 gold pieces.


Innate Abilities, Weirdness & Mutations

You are partially covered in icy blue scales. (AC +2)


   Skills:
 - Level 1.7 Dodging
 - Level 1.7 Stealth
 - Level 2.0 Spellcasting
 + Level 5.2 Summonings


You had 2 spell levels left.
You knew the following spells:

 Your Spells              Type           Power      Damage    Failure   Level
a - Summon Small Mammal   Summ           80%        N/A       1%          1
b - Call Canine Familiar  Summ           20%        N/A       6%          3

Your spell library contained the following spells:

 Spells                   Type           Power      Damage    Failure   Level
 Call Imp                 Summ           20%        N/A       3%          2
 Animate Skeleton         Necr           2%         N/A       19%         1
 Beastly Appendage        Tmut           2%         N/A       19%         1
 Pain                     Necr           4%         1d4       19%         1
 Sublimation of Blood     Necr           1%         N/A       26%         2
 Wereblood                Tmut           1%         N/A       26%         2
 Summon Guardian Golem    Hex/Summ       11%        N/A       19%         3
 Spider Form              Tmut/Pois      1%         N/A       47%         3
 Summon Lightning Spire   Summ/Air       11%        N/A       52%         4
 Agony                    Necr           1%         N/A       99%         5

Inventory:

Hand Weapons
 c - a +0 whip (weapon) {mace}
   (You took it off a kobold on level 1 of the Dungeon)
 h - a +4 dagger {short}
   (You took it off a kobold on level 1 of the Dungeon)
 n - a +2 mace of holy wrath {mace}
   (You found it on level 2 of the Dungeon)
Missiles
 d - 2 stones {throwing}
 e - 6 javelins {throwing}
 f - 5 poisoned darts {throwing}
Armour
 a - a +0 robe (worn)
Jewellery
 k - an amulet of the acrobat (around neck)
   (You found it on level 1 of the Dungeon)
Scrolls
 g - a scroll of fear {unknown}
 j - a scroll of teleportation {unknown}
 m - 2 scrolls of blinking {unknown}
 o - a scroll of silence {unknown}
Potions
 b - a potion of magic
 i - a potion of might {unknown}
 l - a potion of brilliance {unknown}

Dungeon Overview and Level Annotations

Branches:
Dungeon (2/15)

Altars:
Kikubaaqudgha

Shops:
D:2

*
#........#####...........#
#g.......##........†.....#
#g#.##......##...........#
#.#.##......##...........#
#.#g##......##...........#
#.#.##......##...........#
##'#'#######'##....)......#
#...g..gg.................#
#.......##@...............#
#.......##................#
#.......##................#
#........#................#
#........+........#########
#........#........####
#####....#.............
#....#.............
#....#.............


You could see 3 gnolls.


Message History

Confirm with . or Enter, or press ? or * to list all spells.
😕 MP[-1]
You lost 1 mp, and now have 1/6 mp.
Your quokka bites the gnoll.
Your quokka barely misses the gnoll.
Okay, then.
Your quokka bites the gnoll but does no damage.
Your quokka barely misses the gnoll.
The gnoll hits your quokka with a +1 spear of flaming!
The gnoll burns your quokka.
Your quokka dies!
Your quokka's corpse disappears in a puff of smoke!
Your quokka closely misses the gnoll.
Found a stone staircase leading up.
Your quokka closely misses the gnoll. 😕 MP[+1] 😕 HP[+1]
There is a stone staircase leading up here.
You climb upwards.
There is a stone staircase leading down here.
You start resting. 😕 HP[+3] MP[+4]
You regained 3 hp, and now have 23/24 hp.
Your mp is fully restored (6).
There is a stone staircase leading down here. 😎 HP[+1]
Your hp is fully restored (24).
This spell is quite dangerous to cast!
Memorise Call Canine Familiar, consuming 3 spell levels and leaving 2?
You start memorising the spell.
You continue memorising. x3
You finish memorising.
Spell assigned to 'b'.
You climb downwards.
There is a stone staircase leading up here.
You open the door.
There is an open door here.
You now have 59 gold pieces (gained 7).
You open the door.
There is an open door here.
You open the door.
There is an open door here.
There are monsters nearby!
There are monsters nearby!
There are monsters nearby!
Casting: Summon Small Mammal (safe; 1% risk of failure)
Confirm with . or Enter, or press ? or * to list all spells.
The spell is quite dangerous to miscast (6% risk of failure)!
Continue anyway?
The gnoll shouts! x2 😎 MP[-3]
You lost 3 mp, and now have 3/6 mp.
Casting: Call Canine Familiar (quite dangerous; 6% risk of failure)
Confirm with . or Enter, or press ? or * to list all spells.
The gnoll hits your quokka but does no damage. 😎 MP[-1]
You lost 1 mp, and now have 2/6 mp.
Casting: Summon Small Mammal (safe; 1% risk of failure)
Confirm with . or Enter, or press ? or * to list all spells.
Your quokka bites the gnoll.
The gnoll hits your quokka with a +0 club!
Your quokka dies!
Your quokka's corpse disappears in a puff of smoke!
Your hound bites the gnoll but does no damage. 😎 MP[-1]
You lost 1 mp, and now have 1/6 mp.
Your hound bites the gnoll.
The gnoll barely misses you.
The gnoll hits your hound with a +0 club.
You closely miss the gnoll.
Your hound barely misses the gnoll.
The gnoll hits your hound with a +0 club.
The gnoll hits you with a +0 spear. The gnoll closely misses you.
The gnoll hits your hound with a +0 club!
Your hound bites the gnoll. 😕 HP[-4]
You take 4 damage, and now have 20/24 hp.
You hit the gnoll but do no damage.
Your hound bites the gnoll.
The gnoll hits your hound with a +0 club!
Your hound dies!
Your hound's corpse disappears in a puff of smoke!
The gnoll hits you with a +0 spear.
The gnoll hits you from afar with a +1 spear of flaming.
The gnoll burns you.
* * * LOW HITPOINT WARNING * * *
Your rat bites the gnoll but does no damage. 😨 HP[-9]
You take 9 damage, and now have 11/24 hp.
MASSIVE DAMAGE!! (PAUSE)
The gnoll hits you from afar with a +0 spear.
* * * LOW HITPOINT WARNING * * *
Your rat barely misses the gnoll. 😨 HP[-4]
You take 4 damage, and now have 7/24 hp.
The gnoll barely misses your rat. x2; Your rat barely misses the gnoll.
The gnoll barely misses your rat.
The gnoll hits your rat with a +0 spear!
Your rat dies!
Your rat's corpse disappears in a puff of smoke! 😨 HP[+1] MP[+1]
There is an open door here.
There is a stone staircase leading up here. 😨 MP[+1]
The gnoll hits you from afar with a +1 spear of flaming!
You die...
Kikubaaqudgha rasps: "You have failed me!
Welcome... death!"

Skill      XL: |  1  2 |
---------------+-------+-----
Summonings     | 5 |  5.2
Dodging        | |  1.7
Stealth        | |  1.7
Spellcasting   | |  2.0

Action                   || total
-------------------------++-------
Melee: Whip              ||    85
       Unarmed           ||     6
 Cast: Summon Small Mamm ||    35
       Call Canine Famil ||     1
 Stab: Sleeping          ||     3
Armor: Robe              ||    31
Dodge: Dodged            ||    61

Levels and vault maps discovered:
D:1:      saegor_arrival_miasma, layout_basic, shapermc_ecumenical_altar_venn,
          kennysheep_small_spiral, chequers_hall_statues_y, st_stairs_2,
          minmay_pentomino_x2
D:2:      layout_basic, serial_shops, shop

Notes
Turn   | Place    | Note
-------+----------+-------------------------------------------
     0 | D:1      | spaghetti the Demonspawn Summoner began the quest for the
                  | Orb.
     0 | D:1      | Reached XP level 1. HP: 13/13 MP: 3/3
     0 | D:1      | magus.rc [v1.9.6]
   123 | D:1      | Found a faded altar of an unknown god.
   140 | D:1      | HP: 3/13 [endoplasm (1)]
   145 | D:1      | Prayed at the altar of an unknown god.
   145 | D:1      | Became a worshipper of Kikubaaqudgha
   145 | D:1      | Reached * piety under Kikubaaqudgha
   145 | D:1      | You add the spells Animate Skeleton, Pain, Sublimation of
                  | Blood and Agony to your library.
   145 | D:1      | Received a gift from Kikubaaqudgha
   479 | D:1      | Gained mutation: You are partially covered in icy blue
                  | scales. (AC +2) [demonic ancestry]
   479 | D:1      | Reached XP level 2. HP: 9/19 MP: 1/5
  1527 | D:2      | You pick up a book of Changes and begin reading...
  1527 | D:2      | You add the spells Beastly Appendage, Wereblood and Spider
                  | Form to your library.
  1530 | D:2      | Reached skill level 5 in Summonings
  1535 | D:2      | Reached XP level 3. HP: 18/24 MP: 4/6
  1669 | D:2      | Found Laob's Assorted Antiques.
  1826 | D:1      | Learned a level 3 spell: Call Canine Familiar
  1873 | D:2      | Slain by a gnoll

Vanquished Creatures
  A dart slug (D:2)
  2 endoplasms
  A giant cockroach (D:1)
  2 hobgoblins (D:1)
  A quokka (D:1)
  A bat (D:1)
  3 frilled lizards (D:1)
  2 kobolds
  2 rats (D:1)
15 creatures vanquished.

Vanquished Creatures (collateral kills)
  An adder (D:2)
  2 dart slugs
  2 ball pythons (D:1)
  2 bats (D:1)
  A goblin (D:1)
  A hobgoblin (D:1)
  A quokka (D:1)
  3 kobolds (D:1)
  A rat (D:2)
14 creatures vanquished.

Grand Total: 29 creatures vanquished

Table legend:
 A = Non-vault XP
 B = Vault XP
 C = Vault XP percentage of total XP
 D = Non-vault monster count
 E = Vault monster count
 F = Vault count percentage of total count
                 A         B        C        D         E       F
            +---------+---------+-------+---------+---------+-------
      Total |      55 |       7 |  11.3 |      25 |       4 |  13.8
            +---------+---------+-------+---------+---------+-------
        D:1 |      29 |       7 |  19.4 |      19 |       4 |  17.4
        D:2 |      26 |       0 |   0.0 |       6 |       0 |   0.0
            +---------+---------+-------+---------+---------+-------

Illustrated notes

Table legend:
 A = Kills in this place as a percentage of kills in entire the game.
 B = Kills by you in this place as a percentage of kills by you in the entire game.
 C = Kills by friends in this place as a percentage of kills by friends in the entire game.
 D = Other kills in this place as a percentage of other kills in the entire game.
 E = Experience gained in this place as a percentage of experience gained in the entire game.
 F = Experience gained in this place divided by the number of levels of this place that you have seen.
                   A       B       C       D       E      F
               +-------+-------+-------+-------+-------+----------------------
         Total | 100.0 | 100.0 | 100.0 |   N/A | 100.0 |  31.0
       Dungeon | 100.0 | 100.0 | 100.0 |   N/A | 100.0 |  31.0
               +-------+-------+-------+-------+-------+----------------------

Table legend: (Time is in decaauts)
 A = Elapsed time spent in this place.
 B = Non-inter-level travel time spent in this place.
 C = Inter-level travel time spent in this place.
 D = Time resting spent in this place.
 E = Time spent auto-exploring this place.
 F = Levels seen in this place.
 G = Mean time per level.
                   A        B        C        D        E       F      G
               +--------+--------+--------+--------+--------+-----+--------+
         Total |   1881 |   1842 |     39 |    577 |    895 |   2 |  940.5 |
       Dungeon |   1881 |   1842 |     39 |    577 |    895 |   2 |  940.5 |
               +--------+--------+--------+--------+--------+-----+--------+

Top non-repeatable levels by time:
     D:1: 1592 daAuts
     D:2: 289 daAuts
